 Dungeon Crawl Stone Soup version 0.17-a0-1475-g9f81d98 (webtiles) character file.

7238 Geomchi the Basher (level 11, -17/108 HPs)
             Began as a Gargoyle Fighter on July 2, 2015.
             Was an Initiate of Gozag.
             Demolished by a large slime creature (19 damage)
             ... on level 10 of the Dungeon.
             The game lasted 00:16:01 (11548 turns).

Geomchi the Basher (Gargoyle Fighter)              Turns: 11548, Time: 00:16:01

Health: -17/108    AC: 25    Str: 27    XL:     11   Next: 12%
Magic:  11/11      EV: 10    Int:  9    God:    Gozag
Gold:   829        SH: 10    Dex: 10    Spells: 0 memorised, 10 levels left

rFire  . . .     SeeInvis .     O - +2 flail (protect)
rCold  + + .     Clarity  .     u - +0 scale mail {rC+}
rNeg   + + .     SustAt   .     c - +0 shield
rPois  ∞         Gourm    .     A - +0 helmet
rElec  +         Spirit   .     R - +0 cloak
rCorr  .         Warding  +     f - +0 pair of gloves
rMut   .         Stasis   .     n - +0 pair of boots
MR     .....                    t - amulet of warding
Stlth  ..........               T - ring of protection from cold
                                w - ring of stealth

@: berserking, very quick, not resistant to hostile enchantments, extremely
unstealthy
A: negative energy resistance 1, electricity resistance, unbreathing,
petrification resistance, rot immunity, AC +7
a: Potion Petition, Call Merchant, Bribe Branch, Renounce Religion


You were on level 10 of the Dungeon.
You worshipped Gozag.
Gozag was noncommittal.
You were not hungry.

You visited 2 branches of the dungeon, and saw 11 of its levels.
You also visited: Ossuary.

You collected 2112 gold pieces.
You paid 1283 gold pieces to Gozag.

Inventory:

Hand weapons
 L - a +3 mace
 O - a +2 flail of protection (weapon)
Armour
 c - a +0 shield (worn)
 f - a +0 pair of gloves (worn)
 n - a +0 pair of boots (worn)
 u - a +0 scale mail of cold resistance (worn)
 A - a +0 helmet (worn)
 R - a +0 cloak (worn)
Jewellery
 t - an amulet of warding (around neck)
 w - a ring of stealth (left hand)
 T - a ring of protection from cold (right hand)
Magical devices
 s - a wand of invisibility (6)
 B - a wand of hasting (1)
 J - a wand of fire (10)
 M - a wand of disintegration (12)
Scrolls
 h - 2 scrolls of fear {unknown}
 i - 9 scrolls of remove curse
 k - a scroll of recharging {unknown}
 l - 3 scrolls of enchant weapon {unknown}
 o - 5 scrolls of immolation
 q - 2 scrolls of amnesia {unknown}
 r - 3 scrolls of fog {unknown}
 x - a scroll of enchant armour {unknown}
 y - a scroll of noise {unknown}
 E - 4 scrolls of magic mapping
 I - a scroll of silence {unknown}
 K - 2 scrolls of teleportation {unknown}
 P - a scroll of torment {unknown}
 S - a scroll of identify
Potions
 a - a potion of lignification {unknown}
 b - a potion of cancellation
 d - 2 potions of might
 j - a potion of invisibility {unknown}
 m - 4 potions of curing
 p - a potion of agility {unknown}
 v - 5 potions of heal wounds
 D - a potion of poison {unknown}
 F - 2 potions of resistance {unknown}
 G - 2 potions of haste {unknown}
 H - a potion of brilliance {unknown}
 N - a potion of ambrosia {unknown}
 Q - a potion of beneficial mutation {unknown}
Books
 z - a book of Summonings

   Spells                             Type                      Level
   a - Recall                         Summoning/Translocation      3
   b - Aura of Abjuration             Summoning                    5
   c - Shadow Creatures               Summoning                    5
   d - Summon Demon                   Summoning                    5
   e - Summon Forest                  Summoning/Translocation      5
   f - Summon Mana Viper              Hexes/Summoning              5
 C - a book of Frost

   Spells                             Type                      Level
   a - Freeze                         Ice                          1
   b - Throw Frost                    Conjuration/Ice              2
   c - Ozocubu's Armour               Charms/Ice                   3
   d - Throw Icicle                   Conjuration/Ice              4
   e - Summon Ice Beast               Ice/Summoning                4
   f - Condensation Shield            Ice                          4
Comestibles
 e - 3 bread rations {@e1}
 g - 11 royal jellies


   Skills:
 - Level 10.2 Fighting
 + Level 10.6 Maces & Flails
 - Level 7.0 Armour
 - Level 6.0 Dodging
 + Level 4.4 Shields


You had 10 spell levels left.
You didn't know any spells.

Dungeon Overview and Level Annotations

Branches:
Dungeon (10/15)            Temple (1/1) D:4
   Lair: D:8-11         Orc: D:9-12

Altars:
Dithmenos
Elyvilon
Gozag
Nemelex Xobeh
Qazlal

Shops:
D:10 (


Innate Abilities, Weirdness & Mutations

You are resistant to torment.
Your stone body is resilient (AC +7).
You are immune to poison.
You resist negative energy.
You are resistant to electric shocks.
You can survive without breathing.
You are immune to petrification.
You are immune to rotting.


Message History

A red film seems to cover your vision as you go berserk!
You feel yourself moving faster!
You feel mighty!
You feel better.
The large slime creature barely misses you.
You now have 61/108 hp.
You sock the large slime creature! You hit the large slime creature.
The large slime creature hits you!!
* * * LOW HITPOINT WARNING * * *
You take 31 damage, and have 30/108 hp.
MASSIVE DAMAGE!!
You are too injured to fight recklessly!
You are too injured to fight recklessly!
You thump the large slime creature! The large slime creature hits you!!
* * * LOW HITPOINT WARNING * * *
You take 28 damage, and have 2/108 hp.
MASSIVE DAMAGE!!
Your shield prevents you from hitting the large slime creature.
Your shield and scale mail prevent you from hitting the large slime creature.
The large slime creature closely misses you.
You barely miss the large slime creature.
The large slime creature hits you!!
You die...
Your body crumbles into a pile of gold.

##...###
#......#####
#(..........
#...... .∩# #....#
#.# #<# ###.# #.#
...#
#.#.######.#####.#
#.......$..@J....#
###.############J#
.$.# #####


You could see a large slime creature and a slime creature.

Vanquished Creatures
  A cyclops (D:9)
  A troll (D:9)
  The ghost of Geomchi the Bolt Thrower, an average DsWn (D:3)
  A wyvern (D:9)
  Eustachio (D:5)
  2 hippogriffs
  Menkaure (D:7)
  A sky beast (D:6)
  4 phantoms
  6 centaurs
  10 ogres
  An ice beast (D:7)
  A crocodile (D:8)
  Blork the orc (D:5)
  2 big kobolds
  6 giant frogs
  A scorpion (D:8)
  21 killer bees
  A water moccasin zombie (D:8)
  2 electric eels (D:9)
  2 centaur zombies (D:7)
  A lava snake (D:8)
  4 orc priests
  A giant frog zombie (D:5)
  4 crimson imps
  2 giant frog skeletons (D:9)
  2 hounds
  6 jellies
  A gnoll shaman (D:7)
  7 orc wizards
  2 centaur skeletons
  A killer bee zombie (D:7)
  2 iguanas (D:9)
  10 worker ants
  A hound zombie (D:7)
  12 mummies (Ossuary)
  A worker ant zombie (D:5)
  10 adders
  5 gnolls (D:7)
  5 shadow imps
  5 oozes (D:9)
  4 giant geckos
  17 orcs
  A bat skeleton (D:7)
  17 goblins
  15 hobgoblins
  6 jackals
  19 kobolds
  5 quokkas
  16 bats
  8 giant cockroaches
  A giant gecko skeleton (D:6)
  5 giant newts
  A gnoll skeleton (Ossuary)
  4 kobold skeletons (Ossuary)
  3 orc skeletons (Ossuary)
  17 rats
  11 rat skeletons (Ossuary)
299 creatures vanquished.

Vanquished Creatures (others)
  An ice beast (D:5)
  An adder (D:9)
  2 plants (D:5)
4 creatures vanquished.

Grand Total: 303 creatures vanquished

Notes
Turn   | Place    | Note
--------------------------------------------------------------
     0 | D:1      | Geomchi the Gargoyle Fighter began the quest for the Orb.
     0 | D:1      | Reached XP level 1. HP: 14/14 MP: 1/1
    49 | D:1      | Reached XP level 2. HP: 10/19 MP: 2/2
   392 | D:1      | Reached XP level 3. HP: 23/23 MP: 3/3
   862 | D:2      | Reached skill level 4 in Maces & Flails
  1132 | D:2      | Reached XP level 4. HP: 28/28 MP: 4/4
  1434 | D:3      | Noticed Geomchi's ghost (average DsWn)
  1455 | D:3      | Killed Geomchi's ghost
  1455 | D:3      | Reached skill level 6 in Maces & Flails
  1455 | D:3      | Reached XP level 5. HP: 11/32 MP: 5/5
  1455 | D:3      | Reached XP level 6. HP: 12/37 MP: 6/6
  1948 | D:3      | Found an opulent altar of Gozag.
  1967 | D:3      | Became a worshipper of Gozag Ym Sagoz the Greedy
  2732 | D:4      | Reached XP level 7. HP: 31/44 MP: 7/7
  2911 | D:4      | Reached skill level 7 in Maces & Flails
  3182 | D:4      | Reached skill level 5 in Fighting
  3305 | D:4      | Found a staircase to the Ecumenical Temple.
  3391 | Temple   | Entered the Ecumenical Temple
  3893 | D:5      | Entered Level 5 of the Dungeon
  3944 | D:5      | Found a sparkling altar of Nemelex Xobeh.
  3944 | D:5      | Noticed Blork the orc
  3954 | D:5      | Killed Blork the orc
  4098 | D:5      | Reached XP level 8. HP: 48/51 MP: 8/8
  4173 | D:5      | Noticed Eustachio
  4224 | D:5      | Killed Eustachio
  4224 | D:5      | Reached skill level 8 in Maces & Flails
  5117 | D:5      | Reached skill level 9 in Maces & Flails
  5354 | D:5      | Found a white marble altar of Elyvilon.
  5717 | D:6      | Found a sand-covered staircase.
  5722 | Ossuary  | Entered an ossuary
  6172 | Ossuary  | Reached XP level 9. HP: 56/59 MP: 9/9
  6748 | D:6      | Found a stormy altar of Qazlal.
  7324 | D:7      | Noticed Menkaure
  7338 | D:7      | Killed Menkaure
  7338 | D:7      | Reached skill level 10 in Maces & Flails
  7629 | D:7      | Reached skill level 1 in Dodging
  8016 | D:7      | Noticed a centaur zombie
  8028 | D:7      | Killed a centaur zombie
  8028 | D:7      | Reached skill level 10 in Fighting
  8028 | D:7      | Reached XP level 10. HP: 62/68 MP: 10/10
  8665 | D:8      | Reached skill level 5 in Armour
  9558 | D:8      | Reached skill level 5 in Dodging
 10640 | D:9      | Reached XP level 11. HP: 27/72 MP: 11/11
 11341 | D:9      | Noticed a cyclops
 11355 | D:9      | Killed a cyclops
 11516 | D:10     | Entered Level 10 of the Dungeon
 11527 | D:10     | Found Higooply's Antique Weapon Boutique.
 11545 | D:10     | HP: 2/108 [large slime creature (29)]
 11548 | D:10     | Demolished by a large slime creature

Vault maps used:
D:1:      minmay_arrival_solitary_statue
D:2:      first_bread
D:3:      lemuel_doored_altar
D:4:      kennysheep_the_goblin_king, temple_hall
D:5:      nemelex_altar_shiori, elyvilon_altar_1, lexackson_kobold_supper,
          uniq_eustachio, uniq_blork_the_orc
D:6:      nicolae_qazlal_style_of_elements, nicolae_ossuary_entry_plus
D:7:      uniq_menkaure
D:8:      kennysheep_minor_cross
D:9:      hangedman_little_slice_of_home, grunt_ministairs_4
Temple:   eino_wide_crystal_templ_15
Ossuary:  ossuary_due_small_catacomb

Action                   |  1- 3 |  4- 6 |  7- 9 | 10-12 || total
-------------------------+-------+-------+-------+-------++-------
Melee: Flail             |   114 |   149 |   464 |   497 ||  1224
       Morningstar       |       |       |    36 |       ||    36
Invok: Potion Petition   |       |       |     2 |     1 ||     3
       Call Merchant     |       |       |     1 |       ||     1
  Use: Scroll            |       |       |     8 |       ||     8
 Stab: Distracted        |       |       |     2 |     1 ||     3
  Eat: Chunk             |     1 |     4 |       |       ||     5
       Meat ration       |       |       |     2 |     1 ||     3
       Beef jerky        |       |       |     2 |       ||     2
       Bread ration      |       |       |     1 |     2 ||     3
